 Dungeon Crawl Stone Soup version 0.27-a0-1529-g1e82c303ef (webtiles) character file.

Game seed: 11721321488646698558

49622 KristoblXynda the Carver (level 14, -6/130 HPs)
             Began as a Yellow Draconian Berserker on July 11, 2021.
             Was a High Priest of Trog.
             Mangled by a cane toad (12 damage)
             ... on level 5 of the Lair of Beasts on July 12, 2021.
             The game lasted 00:42:14 (30084 turns).

KristoblXynda the Carver (DrBe)                    Turns: 30084, Time: 00:42:15

Health: -6/130     AC: 10    Str: 20    XL:     14   Next: 16%
Magic:  14/14      EV: 17    Int: 11    God:    Trog [*****.]
Gold:   844        SH:  0    Dex: 12    Spells: 13/13 levels left

rFire    + . .     SeeInvis .   t - +5 scimitar (flame)
rCold    + . .     Faith    .   (no shield)
rNeg     . . .     Spirit   .   (armour unavailable)
rPois    +         Reflect  .   (helmet restricted)
rElec    .         Harm     .   h - scarf {rC+ rF+}
rCorr    +         Rampage  .   w - +1 pair of gloves
Will     +....                  (no boots)
Stlth    ++........             (no amulet)
HPRegen  0.31/turn              s - ring of poison resistance
MPRegen  0.14/turn              (no ring)

@: lethally poisoned (-6 -> -13), short of breath, studying Evocations
A: spit acid, AC +8, unfitting armour, acidic bite, cold-blooded, acid
resistance
a: Breathe Acid, Renounce Religion, Berserk, Trog's Hand, Brothers in Arms


You were on level 5 of the Lair of Beasts.
You worshipped Trog.
Trog was extremely pleased with you.
You visited 3 branches of the dungeon, and saw 20 of its levels.
You also visited: Sewer.

You collected 916 gold pieces.
You spent 72 gold pieces at shops.

Inventory:

Hand Weapons
 t - a +5 scimitar of flaming (weapon)
Missiles
 r - 4 throwing nets (quivered)
Armour
 h - a scarf of resistance (worn)
 w - a +1 pair of gloves (worn)
Jewellery
 s - a ring of poison resistance (left hand)
 u - a +6 ring of intelligence
 z - a ring of magical power
Wands
 a - a wand of mindburst (35)
 l - a wand of acid (1)
 v - a wand of iceblast (5)
 y - a wand of paralysis (6)
Scrolls
 b - 6 scrolls of amnesia
 c - 2 scrolls of fog
 f - 5 scrolls of magic mapping
 g - 2 scrolls of enchant armour
 j - 3 scrolls of silence
 p - 2 scrolls of teleportation
 A - a scroll of summoning
Potions
 d - 7 potions of ambrosia
 e - a potion of might
 i - a potion of invisibility
 k - 4 potions of haste
 m - 6 potions of curing
 n - 3 potions of magic
 o - a potion of mutation {unknown}
 q - 6 potions of flight
 B - a potion of berserk rage {unknown}
 D - a potion of lignification {unknown}
Miscellaneous
 x - a piece from Xom's chessboard (15/15)
 C - a condenser vane


   Skills:
 + Level 13.7 Fighting
 + Level 13.8 Long Blades
 + Level 11.8 Dodging
 - Level 4.0 Stealth
 + Level 11.4 Evocations


You had 13 spell levels left.
You didn't know any spells.
Your spell library contained the following spells:

 Spells                   Type           Power      Damage    Failure   Level
 Beastly Appendage        Tmut           0%         N/A       34%         1
 Magic Dart               Conj           0%         1d3       34%         1
 Shock                    Conj/Air       0%         1d3       34%         1
 Searing Ray              Conj           0%         3d3       47%         2
 Sublimation of Blood     Necr           0%         N/A       47%         2
 Wereblood                Tmut           0%         N/A       47%         2
 Frozen Ramparts          Ice            0%         1d2       71%         3
 Inner Flame              Hex/Fire       0%         N/A       71%         3
 Spider Form              Tmut/Pois      0%         N/A       71%         3
 Swiftness                Air            0%         N/A       71%         3
 Airstrike                Air            0%         N/A       98%         4
 Cause Fear               Hex            0%         N/A       98%         4
 Fulminant Prism          Conj/Hex       0%         3d6       98%         4
 Ice Form                 Ice/Tmut       0%         N/A       98%         4
 Petrify                  Tmut/Erth      0%         N/A       98%         4
 Summon Ice Beast         Ice/Summ       0%         N/A       98%         4
 Blade Hands              Tmut           0%         N/A       100%        5
 Irradiate                Conj/Tmut      0%         3d14      100%        5
 Iron Shot                Conj/Erth      0%         9d1       100%        6
 Discord                  Hex            0%         N/A       100%        8
 Animate Armour           Summ/Erth      Unusable   N/A       N/A         4

Dungeon Overview and Level Annotations

Branches:
Dungeon (13/15)            Temple (1/1) D:6            Lair (6/6) D:9
 Shoals (0/4) Lair:3       Spider (0/4) Lair:3        Slime (0/5) Lair:6
    Orc (0/2) D:11          Sewer (visited)
 Vaults: D:13-14

Altars:
Ashenzari
Cheibriados
Dithmenos
Elyvilon
Fedhas
Gozag
Hepliaklqana
Kikubaaqudgha
Makhleb
Nemelex Xobeh
Okawaru
Qazlal
Ru
Sif Muna
Trog
Uskayaw
Vehumet
Wu Jian
Xom
Yredelemnul
Zin
The Shining One
Jiyva

Shops:
D:2 [   D:4 :*![   D:7 ![[[   D:9 ?

Annotations:
Lair:4 2 transporters


Innate Abilities, Weirdness & Mutations

You can spit globs of acid.
Your golden yellow scales are hard. (AC +8)
You cannot fit into any form of body armour.
You have acidic saliva.
You are cold-blooded and may be slowed by cold attacks.
You are resistant to acid. (rCorr)


Message History

The flame cauterises the wound!
You hit the six-headed hydra. You burn the six-headed hydra.
The six-headed hydra is moderately wounded.
The six-headed hydra bites you but does no damage.
The six-headed hydra bites you.
The six-headed hydra completely misses you.
The six-headed hydra bites you but does no damage.
The six-headed hydra bites you. The six-headed hydra bites you!
The cane toad stings you!! The cane toad stings you!
* * * LOW HITPOINT WARNING * * *
You are poisoned.
The cane toad poisons you!
The six-headed hydra bites you but does no damage.
The six-headed hydra bites you.
* * * LOW HITPOINT WARNING * * *
The six-headed hydra barely misses you. The six-headed hydra bites you.
* * * LOW HITPOINT WARNING * * *
The six-headed hydra bites you!
* * * LOW HITPOINT WARNING * * *
The six-headed hydra closely misses you.
You climb upwards.
* * * LOW HITPOINT WARNING * * *
You feel extremely sick.
There is a stone staircase leading down here.
Okay, then.
Okay, then.
You feel much better.
You feel very sick. The cane toad barely misses you.
The six-headed hydra bites you!
* * * LOW HITPOINT WARNING * * *
The six-headed hydra bites you but does no damage.
The six-headed hydra bites you.
* * * LOW HITPOINT WARNING * * *
The six-headed hydra bites you but does no damage.
The six-headed hydra misses you. The six-headed hydra bites you!
* * * LOW HITPOINT WARNING * * *
* * * LOW HITPOINT WARNING * * *
You feel very sick. The cane toad stings you!
You die...

##.................
#.#...............
#####..............
##..#.............P.
#........##.........
###.......###.#.##..
##.D...### #####...
#.>F...# ##..
##@....# #...
#.....# ##..
###.....# ###..#
#.......# #....#
##.....## #....#
##...## ##....
#.##.# #..... ######
##.... ##...


You could see a six-headed hydra and a cane toad.

Vanquished Creatures
  Kirke (Lair:4)
  Harold (D:7)
  4 boulder beetles
  6 hydras
  3 catoblepae
  2 two-headed ogres
  An anaconda (Lair:5)
  A lindwurm (Lair:3)
  An orc knight (D:12)
  3 deep elf pyromancers
  3 manticores
  An oklob plant (Lair:1)
  2 cyclopes
  Joseph (D:7)
  5 black mambas
  Maggie (D:6)
  An unseen horror (D:12)
  10 cane toads
  3 kobold demonologists (D:11)
  2 rime drakes
  9 komodo dragons
  2 yaktaurs (D:12)
  An efreet (D:12)
  A queen bee (D:9)
  A polar bear (Lair:3)
  A meliai (D:9)
  2 jumping spiders (Lair:3)
  2 trolls
  9 blink frogs
  Grinder (D:4)
  2 hornets
  3 slime creatures (D:12)
  A meliai zombie (D:10)
  A snapping turtle (Lair:3)
  Sigmund (D:4)
  4 redbacks (Lair:3)
  A shadow (D:12)
  4 wraiths (D:12)
  9 wyverns
  40 yaks
  A hog (Lair:4)
  A basilisk (Lair:5)
  Menkaure (D:7)
  Edmund (D:6)
  2 acid dragons
  15 water moccasins
  9 orc warriors
  A necrophage (D:7)
  An ice beast (D:8)
  7 ogres
  10 wolves (Lair:3)
  11 centaurs
  4 kobold brigands
  Blork the orc (D:6)
  11 bullfrogs
  5 gnoll sergeants (D:11)
  2 scorpions (D:6)
  A water moccasin skeleton (D:6)
  27 killer bees
  10 wights
  An electric eel (Lair:3)
  A howler monkey (D:11)
  A bullfrog zombie (D:6)
  A jelly (D:8)
  3 orc priests
  2 bullfrog skeletons
  A centaur skeleton (D:7)
  3 hounds (D:5)
  Crazy Yiuf (D:6)
  6 iguanas
  A gnoll shaman (D:8)
  12 orc wizards
  A howler monkey zombie (D:9)
  10 gnolls
  8 adders
  3 river rats (Sewer)
  4 white imps
  3 worms
  8 dart slugs
  39 orcs
  4 bats
  4 endoplasms
  3 giant cockroaches
  10 goblins
  6 hobgoblins
  3 jackals (D:3)
  3 quokkas (D:1)
  8 ball pythons
  2 frilled lizards
  8 kobolds
  10 rats
438 creatures vanquished.

Vanquished Creatures (others)
  3 humans (Lair:4)
  A wyvern (Lair:4)
  27 fungi
  57 plants
88 creatures vanquished.

Grand Total: 526 creatures vanquished

Notes
Turn   | Place    | Note
-------+----------+-------------------------------------------
     0 | D:1      | KristoblXynda the Draconian Berserker began the quest for
                  | the Orb.
     0 | D:1      | Reached XP level 1. HP: 19/19 MP: 1/1
   223 | D:1      | Reached XP level 2. HP: 25/26 MP: 2/2
   906 | D:1      | Reached XP level 3. HP: 33/33 MP: 3/3
  1384 | D:1      | Found a faded altar of an unknown god.
  1660 | D:2      | Reached ** piety under Trog
  1787 | D:2      | Reached XP level 4. HP: 40/40 MP: 4/4
  1804 | D:2      | Found Ziepn's Armour Emporium.
  2235 | D:3      | Found a shimmering blue altar of Sif Muna.
  2774 | D:3      | Found a snail-covered altar of Cheibriados.
  3041 | D:4      | Found Uwiach's Armour Boutique.
  3058 | D:4      | Found Zakineji's Distillery.
  3066 | D:4      | Bought a potion of degeneration for 12 gold pieces
  3066 | D:4      | Bought a potion of heal wounds for 60 gold pieces
  3131 | D:4      | Found Zeir's Book Shop.
  3334 | D:4      | Found Por Upre's Assorted Antiques.
  3401 | D:4      | Noticed Grinder
  3414 | D:4      | Killed Grinder
  3415 | D:4      | Reached skill level 5 in Fighting
  3415 | D:4      | Reached XP level 5. HP: 47/48 MP: 5/5
  3415 | D:4      | Reached XP level 6. HP: 55/56 MP: 6/6
  3585 | D:4      | Noticed Sigmund
  3607 | D:4      | Killed Sigmund
  3608 | D:4      | Reached skill level 5 in Long Blades
  4063 | D:5      | Entered Level 5 of the Dungeon
  4073 | D:5      | Your scales start taking on a golden yellow colour.
  4073 | D:5      | Reached XP level 7. HP: 62/62 MP: 7/7
  4073 | D:5      | Gained mutation: You are resistant to acid. (rCorr) [Yellow
                  | Draconian growth]
  4496 | D:5      | Reached skill level 5 in Dodging
  5586 | D:6      | Noticed Blork the orc
  5592 | D:6      | Killed Blork the orc
  5651 | D:6      | Found a glowing drain.
  5660 | Sewer    | Entered a sewer
  5892 | Sewer    | Reached XP level 8. HP: 71/71 MP: 8/8
  5960 | Sewer    | Reached *** piety under Trog
  6436 | D:6      | Found a staircase to the Ecumenical Temple.
  6444 | Temple   | Entered the Ecumenical Temple
  6794 | D:6      | Noticed Maggie
  6851 | D:6      | Noticed Edmund
  6856 | D:6      | Killed Edmund
  7274 | D:7      | Noticed Joseph
  7292 | D:7      | Killed Joseph
  7293 | D:7      | Reached XP level 9. HP: 68/81 MP: 9/9
  7568 | D:7      | Noticed a two-headed ogre
  7577 | D:7      | Killed a two-headed ogre
  7578 | D:7      | Reached skill level 1 in Stealth
  7638 | D:7      | Noticed Harold
  7652 | D:7      | Killed Harold
  7778 | D:7      | Found Onwut's Armour Shoppe.
  7778 | D:7      | Noticed Menkaure
  7803 | D:7      | Killed Menkaure
  8054 | D:7      | Found Voce Waa's Armour Shop.
  8104 | D:7      | Found Urote's Antique Armour Boutique.
  8653 | D:7      | Found Ciasomoh's Distillery.
  8779 | D:7      | Reached **** piety under Trog
  8780 | D:7      | Reached XP level 10. HP: 90/90 MP: 10/10
  9128 | D:8      | Noticed Maurice
  9132 | D:8      | Noticed Maurice
  9132 | D:8      | Maurice changed into Maurice the water moccasin
  9139 | D:8      | Killed Maurice the water moccasin
  9230 | D:8      | Reached skill level 10 in Long Blades
 10072 | D:8      | Found a sacrificial altar of Ru.
 10089 | D:8      | Found a stormy altar of Qazlal.
 10456 | D:6      | Killed Maggie
 10464 | D:6      | Reached skill level 1 in Evocations
 10743 | D:6      | Found a shimmering altar of Xom.
 10808 | D:6      | Found a runed translucent door.
 10808 | D:6      | Noticed Crazy Yiuf
 10819 | D:6      | Killed Crazy Yiuf
 11057 | D:9      | Found Fahok's Magic Scroll Shop.
 11076 | D:9      | Noticed a six-headed hydra
 11696 | D:9      | Reached ***** piety under Trog
 12138 | D:9      | Received a gift from Trog
 12300 | D:10     | Entered Level 10 of the Dungeon
 12548 | D:10     | Noticed a deep elf pyromancer
 12564 | D:10     | Killed a deep elf pyromancer
 12565 | D:10     | Reached skill level 10 in Fighting
 12565 | D:10     | Reached XP level 11. HP: 62/99 MP: 11/11
 13232 | D:10     | Found an opulent altar of Gozag.
 13531 | D:10     | Found a hide-covered altar of Uskayaw.
 13531 | D:10     | Found a hazy altar of Hepliaklqana.
 13684 | D:10     | Found a sparkling altar of Nemelex Xobeh.
 14049 | D:11     | Noticed a two-headed ogre
 14495 | D:9      | a six-headed hydra changed into a meliai
 14681 | D:9      | Reached skill level 5 in Evocations
 14726 | D:9      | Found a staircase to the Lair.
 14861 | Lair:1   | Entered Level 1 of the Lair of Beasts
 14861 | Lair:1   | Noticed an oklob plant
 15275 | D:11     | Found a staircase to the Orcish Mines.
 15292 | D:11     | Noticed a soul eater
 16094 | D:11     | Killed a two-headed ogre
 16727 | D:11     | Reached XP level 12. HP: 39/110 MP: 12/12
 17151 | D:11     | Noticed a boulder beetle
 17213 | D:11     | Found a hide-covered altar of Uskayaw.
 17228 | D:11     | Noticed a two-headed ogre
 17228 | D:11     | Noticed a boulder beetle
 18313 | D:12     | Noticed a boulder beetle
 18375 | D:12     | Noticed a boulder beetle
 18389 | D:12     | You fall into a shaft and drop 1 floor!
 18826 | D:12     | Killed a boulder beetle
 18901 | D:12     | Killed a boulder beetle
 18902 | D:12     | Reached skill level 10 in Dodging
 20096 | D:12     | Noticed a boulder beetle
 20115 | D:12     | Killed a boulder beetle
 20242 | D:12     | Received a gift from Trog
 20476 | D:13     | Noticed an ogre mage
 20476 | D:13     | Noticed a six-headed hydra
 20476 | D:13     | Noticed a death knight
 20476 | D:13     | Noticed a fire dragon
 21653 | Lair:1   | You fall into a shaft and drop 1 floor!
 21722 | Lair:2   | Upgraded the game from 0.27-a0-1528-g90fbb72469 to
                  | 0.27-a0-1529-g1e82c303ef
 22117 | Lair:2   | Noticed a five-headed hydra
 22127 | Lair:2   | Killed a two-headed hydra
 22301 | Lair:2   | Reached XP level 13. HP: 100/119 MP: 13/13
 23330 | Lair:3   | Identified a scroll of acquirement
 23330 | Lair:3   | Acquired a manual of Evocations
 23765 | Lair:3   | Found a staircase to the Shoals.
 24593 | Lair:3   | Found a hole to the Spider Nest.
 25381 | Lair:4   | Noticed Kirke
 25409 | Lair:4   | Killed Kirke
 25716 | Lair:4   | Identified the +3 rapier "Vutesakk" {freeze, rN++ Str-5
                  | Int+6}
 25717 | Lair:4   | Found a transporter.
 25741 | Lair:4   | Reached skill level 10 in Evocations
 25861 | Lair:4   | Found a transporter.
 28689 | Lair:5   | Gained mutation: You have acidic saliva. [Yellow Draconian
                  | growth]
 28689 | Lair:5   | Reached XP level 14. HP: 129/129 MP: 14/14
 29415 | Lair:5   | Identified the +6 quarterstaff of Hacking and Slashing
                  | {protect, rElec rPois rC+}
 29498 | Lair:6   | Entered Level 6 of the Lair of Beasts
 29667 | Lair:6   | Found a viscous altar of Jiyva.
 29668 | Lair:6   | Found a staircase to the Slime Pits.
 30084 | Lair:5   | HP: 6/130 [poisoned by a cane toad]
 30084 | Lair:5   | Mangled by a cane toad

Illustrated notes

Levels and vault maps discovered:
D:1:      dpeg_arrival_round_b, layout_basic,
          hellmonk_ecumenical_altar_leap_of_faith
D:2:      layout_basic, serial_shops, shop, minmay_tromino_i2
D:3:      layout_basic, kennysheep_slug_shrine,
          mainiacjoe_overflow_small_starburst
D:4:      layout_loops_ring, serial_shops, nicolae_shop_statue_plus, shop,
          nicolae_shop_trees, shop, uniq_grinder, uniq_sigmund
D:5:      layout_basic, serial_glass, glass_columns_c, glass_columns_a,
          glass_columns_a, glass_columns_a, hangedman_decor_slide_cut
D:6:      layout_cave_pools, general_overflow_altar,
          minmay_temple_entry_statues_fountains, portal_sewer_entry_d,
          kennysheep_generic_room_11, uniq_edmund, uniq_crazy_yiuf_cottage,
          uniq_blork_the_orc, uniq_maggie
D:7:      layout_basic, serial_shops, nicolae_square_shop,
          nicolae_stop_n_shop_1, shop_statue, shop, roderic_roman_lattice,
          uniq_menkaure, uniq_joseph, uniq_harold
D:8:      layout_basic, mainiacjoe_overflow_swirl, uniq_maurice
D:9:      layout_roguey [special_room_bee], minmay_lair_entry_grove,
          serial_shops, nicolae_lakefront_shop
D:10:     layout_cave_pods, mainiacjoe_overflow_divided_tiny,
          grunt_gozag_statues, nemelex_spade_bored_becter
D:11:     layout_irregular_city, kennysheep_orc_monster_closet_entryway,
          nicolae_uskayaw_suspiria
D:12:     minmay_ornate_pinched, layout_long_grid
D:13:     layout_cave_pools, serial_bayou, serial_bayou_pond_b,
          serial_bayou_shore_b, serial_bayou_pond_d, serial_bayou_pond_c,
          minivault_28
Temple:   oiseaux_autumnal_temple
Lair:1:   layout_gridlike, gammafunk_ghost_wrathful_warriors,
          dpeg_stationary_puzzle, grunt_megastairs_2
Lair:2:   layout_chaotic_city, lemuel_fruit_fields, serial_bayou_shore_a
Lair:3:   layout_chaotic_city, minmay_shoals_entry_hut,
          nicolae_spider_entry_tight_spaces
Lair:4:   gammafunk_worm_tunnel, layout_cellular_growth, uniq_kirke
Lair:5:   beast_lair_carwin_large_1, layout_cellular_growth
Lair:6:   gammafunk_lair_ancient_temple, layout_big_grid, slime_altar_1,
          serial_rivers, chequers_serial_rivers_room_b,
          chequers_serial_rivers_small_3, chequers_serial_rivers_room_b,
          chequers_serial_rivers_small_a, chequers_serial_rivers_large_a,
          chequers_serial_rivers_micro_e, minivault_25,
          eino_small_chamber_without_monster, chequers_serial_rivers_small_a

Skill      XL: |  1  2  3  4  5  6  7  8  9 10 11 12 13 |
---------------+----------------------------------------+-----
Dodging        | 3 4 5 6 7 8 9 10 11 | 11.8
Fighting       | 4 5 6 7 8 10 11 12 13 | 13.7
Long Blades    | 4 5 6 8 9 10 11 12 13 | 13.8
Stealth        | 3 4 |  4.0
Evocations     | 3 6 8 11 | 11.4

Action                   |  1- 3 |  4- 6 |  7- 9 | 10-12 | 13-15 || total
-------------------------+-------+-------+-------+-------+-------++-------
Melee: Falchion          |   106 |    40 |       |       |       ||   146
       Tailslap          |    20 |    16 |    40 |   145 |    72 ||   293
       Dagger            |       |    49 |   300 |   171 |       ||   520
       Scimitar          |       |       |       |   626 |   403 ||  1029
       Bite              |       |       |       |       |    10 ||    10
Throw: Throwing net      |       |       |     1 |       |       ||     1
Invok: Berserk           |     1 |     3 |    11 |    12 |       ||    27
       Trog's Hand       |       |       |       |     1 |       ||     1
 Abil: Breathe Acid      |       |       |     7 |    20 |    14 ||    41
Evoke: Wand              |       |       |       |    14 |     6 ||    20
       Piece from Xom's  |       |       |       |     1 |       ||     1
  Use: Scroll            |       |     2 |    13 |    10 |     4 ||    29
       Potion            |       |       |     2 |     3 |     1 ||     6
 Stab: Sleeping          |     1 |       |       |     2 |     7 ||    10
       Distracted        |       |       |       |     1 |       ||     1
       Confused          |       |       |       |     1 |       ||     1
       Petrified         |       |       |       |       |     3 ||     3
Armor: Skin              |    40 |    17 |    47 |   231 |   123 ||   458
Dodge: Dodged            |    69 |    52 |   147 |   559 |   278 ||  1105
       Rpst.: Falchion   |    20 |     7 |       |       |       ||    27
       Scimitar          |       |       |       |   131 |    81 ||   212

Table legend: (Time is in decaauts)
 A = Elapsed time spent in this place.
 B = Non-inter-level travel time spent in this place.
 C = Inter-level travel time spent in this place.
 D = Time resting spent in this place.
 E = Time spent auto-exploring this place.
 F = Levels seen in this place.
 G = Mean time per level.
                   A        B        C        D        E       F      G
               +--------+--------+--------+--------+--------+-----+--------+
         Total |  30095 |  29530 |    565 |  14268 |  10818 |  21 | 1433.1 |
       Dungeon |  20090 |  19627 |    463 |   9425 |   7172 |  13 | 1545.4 |
        Temple |    322 |    289 |     33 |      0 |    287 |   1 |  322.0 |
          Lair |   9019 |   8950 |     69 |   4512 |   3350 |   6 | 1503.2 |
         Sewer |    663 |    663 |      0 |    331 |      9 |   1 |  663.0 |
               +--------+--------+--------+--------+--------+-----+--------+

Top non-repeatable levels by time:
    D:12: 3380 daAuts
  Lair:5: 2843 daAuts
    D:11: 2511 daAuts
     D:7: 2287 daAuts
  Lair:4: 1996 daAuts
    D:10: 1950 daAuts
  Lair:3: 1899 daAuts
     D:9: 1629 daAuts
     D:8: 1535 daAuts
     D:5: 1514 daAuts
     D:1: 1487 daAuts
  Lair:2: 1331 daAuts
     D:4: 1048 daAuts
     D:6: 1035 daAuts
     D:3: 797 daAuts
